cohdb
Replays
Latest Replays
All Replays
Popular Replays
Top Player Replays
Match Explorer
How It Works
Community
CoH3 Stats
Reddit
Sign in to upload your games and track your stats! →
Sign in with Steam
Match 45375225
Unlisted
Match 45375225
Overview
Messages
Build Orders
End
Scout Squad
Selects Airborne Battlegroup
Selects Heavy Machine Gun Paradrop
Heavy Machine Gun Paradrop
Construct Weapon Support Center
Heavy Machine Gun Paradrop
Engineer Squad
Mechanized Support Center
Selects Paratrooper Squad Paradrop
Paratrooper Squad Paradrop
Bazooka Squad
Paratrooper Squad Paradrop
Selects Recon Loiter
Paratrooper Squad Paradrop
Construct Tank Depot
Court Ordered Alcoholism
Gravy
potatoo
KOR_NONMON
KingLiA
dkdkabc
조영
Spree
0
0
Comments
sign in to comment!
No comments posted yet!